 Dungeon Sprint DCSS version 0.23-a0-756-g517b432 (webtiles) character file.

37000000 12572944 the Intangible (level 27, 249/249 HPs)
             Began as a Mummy Wanderer on Jan 18, 2019.
             Was the Champion of Makhleb.
             Escaped with the Orb!
             The game lasted 00:04:53 (185 turns).

12572944 the Intangible (Mummy Wanderer)             Turns: 185, Time: 00:04:54

Health: 249/249    AC:  4    Str: 24    XL:     27
Magic:  54/54      EV: 31    Int: 13    God:    Makhleb [******]
Gold:   0          SH:  0    Dex: 14    Spells: 79/80 levels left

rFire    + . .     SeeInvis .   a - +∞ Axe of Woe
rCold    + . .     Gourm    .   (shield currently unavailable)
rNeg     + + +     Faith    .   c - +0 robe
rPois    ∞         Spirit   .   (no helmet)
rElec    .         Reflect  .   (no cloak)
rCorr    .         Harm     .   (no gloves)
MR       +++..     NoTele   +   (no boots)
Stlth    +++.......             (no amulet)
HPRegen  0.51/turn              b - ring of protection from fire
MPRegen  0.34/turn              g - ring of protection from fire

@: no status effects
A: no food or potions, fire vulnerability, cold resistance 1, negative energy
resistance 3, torment resistance, unbreathing, in touch with death 2
0: Orb of Zot
a: Minor Destruction, Lesser Servant of Makhleb, Major Destruction, Greater
Servant of Makhleb, Renounce Religion


You escaped.
You worshipped Makhleb.
Makhleb was exalted by your worship.
You were not hungry.

You visited 1 branch

Inventory:

Hand Weapons
 a - the +∞ Axe of Woe (weapon)
   (You found it in the Dungeon)
 d - a +0 club
 e - a +0 dagger
Armour
 c - a +0 robe (worn)
Jewellery
 b - a ring of protection from fire (left hand)
 g - a ring of protection from fire (right hand)
 h - a +30 ring of slaying
 i - a +30 ring of slaying
 j - a +30 ring of slaying
 k - a +30 ring of slaying
Scrolls
 f - a scroll of blinking


   Skills:
 O Level 27 Fighting
 O Level 27 Short Blades
 O Level 27 Axes
 O Level 27 Maces & Flails
 O Level 27 Throwing
 O Level 27 Armour
 O Level 27 Dodging
 O Level 27 Stealth
 O Level 27 Unarmed Combat
 O Level 27 Spellcasting
   Level 1.5 Charms
   Level 1.5 Transmutations
   Level 1.5 Air Magic
 O Level 27 Earth Magic
 O Level 27 Invocations


You had 79 spell levels left.
You knew the following spells:

 Your Spells              Type           Power        Failure   Level  Hunger
a - Sandblast             Erth           ######       0%          1    N/A

Your spell library contained the following spells:

 Spells                   Type           Power        Failure   Level  Hunger
 Passwall                 Tmut/Erth      ######..     0%          2    N/A
 Lee's Rapid Deconstruct  Erth           ######....   0%          5    N/A
 Stone Arrow              Conj/Erth      ######       1%          3    N/A
 Petrify                  Tmut/Erth      ######..     1%          4    N/A
 Ensorcelled Hibernation  Hex/Ice        ###...       3%          2    N/A
 Throw Frost              Conj/Ice       ###...       3%          2    N/A

Dungeon Overview and Level Annotations

Branches:
Dungeon (1/1)

Altars:
Makhleb


Innate Abilities, Weirdness & Mutations

You do not eat or drink.
Your flesh is vulnerable to fire.
You are immune to poison.
Your flesh is cold resistant. (rC+)
You are immune to negative energy. (rN+++)
You are immune to unholy pain and torment.
You can survive without breathing.
You are strongly in touch with the powers of death.


Message History

The Orb of Zot has appeared underneath you.
You hear a shout! x5
Unknown command.
You pick up the Orb of Zot!
The Orb lets out a hideous shriek!
The lords of Pandemonium are not amused.
Beware!
Now all you have to do is get back out of the dungeon!
You hear a shout! x5
You hear a shout! x3
You hear a shout!
The bag of meat completely misses you.
There is a staircase leading out of the dungeon here.
You slash the bag of meat!
You butcher the bag of meat messily.
You kill the bag of meat!
Makhleb accepts your kill.
You feel better.
You can't go down here!
You can't go down here!
Unknown command.
You hear a shout! x3
You have escaped!

)))...........*.*....).))........
☼☼#............*)...))))).).)...#
)§.#........#....).)#))))...))...
......#.....#.......#.......).).#
...#..))))###.......###..........
))o))))).))))..###o)...........##
)))))))#..)))..._................
))%))#....)).#.....#.......#.#...
###...%...%..#_.@._#....)...)....
#....#.......#...).#......#.#.#..
.......#........_................
......o........###.........#.#.#.
....%.....###.......###..........
........... #.......#............
..... #.......#............ ...#.
.....................


You could see a bag of meat.

Vanquished Creatures
  Dispater (D)
  4 vampire knights (D)
  24 ogres (D)
  4 two-headed ogres (D)
  145 orcs (D)
  2 ball lightnings (D)
180 creatures vanquished.

Vanquished Creatures (others)
  A ball lightning (D)
1 creature vanquished.

Grand Total: 181 creatures vanquished

Notes
Turn   | Place    | Note
-------+----------+-------------------------------------------
     0 | D        | Found the +∞ Axe of Woe
     0 | D        | 12572944 the Mummy Wanderer began the quest for the Orb.
     0 | D        | 12572944 set off with the following items: a +0 robe, a +0
                  | club, a +0 dagger, a scroll of blinking; and the following
                  | spell memorised: Sandblast; and the following spells
                  | available to memorise: Passwall, Ensorcelled Hibernation,
                  | Throw Frost, Stone Arrow, Petrify, Lee's Rapid
                  | Deconstruction
     0 | D        | Reached XP level 1. HP: 13/13 MP: 4/4
     4 | D        | Became a worshipper of Makhleb the Destroyer
     6 | D        | Noticed a bag of meat
     6 | D        | Noticed a bag of meat
     6 | D        | Noticed a bag of meat
     6 | D        | Noticed a bag of meat
     6 | D        | Noticed a bag of meat
     8 | D        | Noticed a bag of meat
     9 | D        | Killed a bag of meat
     9 | D        | Reached XP level 2. HP: 19/19 MP: 4/25
     9 | D        | Reached XP level 3. HP: 24/24 MP: 4/27
     9 | D        | Reached XP level 4. HP: 30/30 MP: 4/28
     9 | D        | Reached XP level 5. HP: 35/35 MP: 4/30
     9 | D        | Reached XP level 6. HP: 41/41 MP: 4/31
     9 | D        | Reached XP level 7. HP: 46/46 MP: 4/33
     9 | D        | Reached XP level 8. HP: 52/52 MP: 4/34
     9 | D        | Reached XP level 9. HP: 57/57 MP: 4/35
     9 | D        | Reached XP level 10. HP: 63/63 MP: 4/36
     9 | D        | Reached XP level 11. HP: 68/68 MP: 4/37
     9 | D        | Killed a bag of meat
     9 | D        | Reached * piety under Makhleb
     9 | D        | Reached XP level 12. HP: 74/74 MP: 4/41
     9 | D        | Noticed a bag of meat
     9 | D        | Noticed a bag of meat
    10 | D        | Killed a bag of meat
    10 | D        | Gained mutation: You are in touch with the powers of death.
                  | [Mummy growth]
    10 | D        | Reached XP level 13. HP: 99/99 MP: 4/42
    11 | D        | Killed a bag of meat
    11 | D        | Reached XP level 14. HP: 107/113 MP: 5/43
    11 | D        | Killed a bag of meat
    11 | D        | Reached ** piety under Makhleb
    11 | D        | Reached skill level 15 in Dodging
    11 | D        | Noticed a bag of meat
    11 | D        | Noticed a bag of meat
    11 | D        | Noticed a bag of meat
    11 | D        | Noticed a bag of meat
    12 | D        | Killed a bag of meat
    12 | D        | Noticed a destroyer
    12 | D        | Noticed a bag of meat
    13 | D        | Reached XP level 15. HP: 127/127 MP: 5/44
    13 | D        | Noticed a meat berserker
    15 | D        | Reached *** piety under Makhleb
    15 | D        | Reached skill level 15 in Axes
    15 | D        | Killed a destroyer
    15 | D        | Reached XP level 16. HP: 149/149 MP: 6/45
    16 | D        | Noticed a meat berserker
    17 | D        | Killed a meat berserker
    17 | D        | Reached XP level 17. HP: 160/160 MP: 7/46
    17 | D        | Reached **** piety under Makhleb
    17 | D        | Noticed a meat berserker
    18 | D        | Reached skill level 27 in Dodging
    18 | D        | Reached XP level 18. HP: 175/175 MP: 7/47
    20 | D        | Killed a meat berserker
    20 | D        | Reached skill level 27 in Fighting
    20 | D        | Reached ***** piety under Makhleb
    20 | D        | Reached skill level 27 in Axes
    20 | D        | Noticed a large bag of meat
    22 | D        | Reached skill level 5 in Invocations
    22 | D        | Reached XP level 19. HP: 189/189 MP: 8/49
    23 | D        | Killed a meat berserker
    24 | D        | Reached skill level 27 in Spellcasting
    25 | D        | Noticed a destroyer
    26 | D        | Noticed a meat berserker
    27 | D        | Reached skill level 10 in Invocations
    27 | D        | Reached skill level 10 in Short Blades
    27 | D        | Reached skill level 10 in Maces & Flails
    27 | D        | Reached skill level 10 in Throwing
    27 | D        | Reached skill level 10 in Armour
    27 | D        | Reached skill level 10 in Unarmed Combat
    27 | D        | Reached skill level 10 in Earth Magic
    27 | D        | Reached XP level 20. HP: 197/197 MP: 10/51
    27 | D        | Reached ****** piety under Makhleb
    28 | D        | Noticed a meat berserker
    29 | D        | Noticed a meat berserker
    29 | D        | Noticed a meat berserker
    30 | D        | Killed a meat berserker
    30 | D        | Reached skill level 15 in Invocations
    30 | D        | Reached XP level 21. HP: 204/204 MP: 10/52
    30 | D        | Reached skill level 15 in Short Blades
    30 | D        | Reached skill level 15 in Maces & Flails
    30 | D        | Reached skill level 15 in Throwing
    30 | D        | Reached skill level 15 in Armour
    30 | D        | Reached skill level 15 in Unarmed Combat
    30 | D        | Reached skill level 15 in Earth Magic
    32 | D        | Reached XP level 22. HP: 212/212 MP: 11/53
    33 | D        | Reached skill level 27 in Stealth
    33 | D        | Killed a destroyer
    33 | D        | Reached XP level 23. HP: 219/219 MP: 11/54
    35 | D        | Reached XP level 24. HP: 227/227 MP: 12/54
    36 | D        | Killed a large bag of meat
    38 | D        | Reached skill level 27 in Invocations
    38 | D        | Reached XP level 25. HP: 187/234 MP: 13/54
    40 | D        | Reached skill level 27 in Short Blades
    40 | D        | Reached skill level 27 in Maces & Flails
    40 | D        | Reached skill level 27 in Throwing
    40 | D        | Reached skill level 27 in Armour
    40 | D        | Reached skill level 27 in Unarmed Combat
    40 | D        | Reached skill level 27 in Earth Magic
    42 | D        | Gained mutation: You are strongly in touch with the powers
                  | of death. [Mummy growth]
    42 | D        | Reached XP level 26. HP: 242/242 MP: 14/54
    50 | D        | Noticed a large bag of meat
    54 | D        | Reached XP level 27. HP: 245/249 MP: 17/54
    58 | D        | Noticed a large bag of meat
    65 | D        | Killed a large bag of meat
    72 | D        | Killed a large bag of meat
    97 | D        | Noticed a destroyer
   100 | D        | Noticed a destroyer
   101 | D        | Killed a destroyer
   105 | D        | Killed a destroyer
   106 | D        | Noticed a large bag of meat
   118 | D        | Killed a large bag of meat
   169 | D        | Noticed The Meatlord
   179 | D        | Killed The Meatlord
   180 | D        | Got the Orb of Zot
   185 | D        | Escaped with the Orb!

Vault maps used:
D:        meatsprint

Skill      XL: |  1  2  3  4  5  6  7  8  9 10 11 12 13 14 15 16 17 18 19 20 21 22 23 24 25 |
---------------+----------------------------------------------------------------------------+-----
Stealth        | 18 20 21 22 24 26 27 | 27.0
Spellcasting   | 22 25 26 27 | 27.0
Fighting       | 8 11 14 20 22 24 27 | 27.0
Axes           | 6 9 12 17 19 21 27 | 27.0
Dodging        | 9 13 17 23 25 27 | 27.0
Short Blades   | 4 10 14 17 20 22 25 27 | 27.0
Maces & Flails | 4 10 14 17 20 22 25 27 | 27.0
Throwing       | 4 10 14 17 20 22 25 27 | 27.0
Armour         | 4 10 14 17 20 22 25 27 | 27.0
Unarmed Combat | 4 10 14 17 20 22 25 27 | 27.0
Earth Magic    | 4 10 14 17 20 22 25 27 | 27.0
Invocations    | 5 11 15 18 21 24 27 | 27.0
Charms         | |  1.5
Transmutations | |  1.5
Air Magic      | |  1.5

Action                   |  1- 3 |  4- 6 |  7- 9 | 10-12 | 13-15 | 16-18 | 19-21 | 22-24 | 25-27 || total
-------------------------+-------+-------+-------+-------+-------+-------+-------+-------+-------++-------
Melee: Executioner's axe |     1 |       |       |     1 |     4 |     4 |     6 |     5 |    51 ||    72
Dodge: Dodged            |       |       |       |       |       |       |     1 |       |    13 ||    14

Table legend:
 A = Non-vault XP
 B = Vault XP
 C = Vault XP percentage of total XP
 D = Non-vault monster count
 E = Vault monster count
 F = Vault count percentage of total count
                 A         B        C        D         E       F
            +---------+---------+-------+---------+---------+-------
      Total |       8 | 3964433 | 100.0 |       2 |     177 |  98.9
            +---------+---------+-------+---------+---------+-------
          D |       8 | 3964433 | 100.0 |       2 |     177 |  98.9
            +---------+---------+-------+---------+---------+-------
